 Dungeon Crawl Stone Soup version 0.27-b1-42-g19c61b19a5 (webtiles) character file.

Game seed: 12322073015621792247

73 Naeght the Slasher (level 4, -8/41 HPs)
             Began as a Minotaur Berserker on July 29, 2021.
             Was a Believer of Trog.
             Mangled by a gnoll (10 damage)
             ... on level 2 of the Dungeon.
             The game lasted 00:02:41 (1052 turns).

Naeght the Slasher (Minotaur Berserker)             Turns: 1052, Time: 00:02:42

Health: -8/41      AC:  3    Str: 22    XL:     4   Next: 8%
Magic:  3/3        EV: 12    Int:  5    God:    Trog [**....]
Gold:   41         SH:  0    Dex:  9    Spells: 3/3 levels left

rFire    . . .     SeeInvis .   a - +0 falchion
rCold    . . .     Faith    .   (no shield)
rNeg     . . .     Spirit   .   b - +0 animal skin
rPois    .         Reflect  .   (helmet restricted)
rElec    .         Harm     .   (no cloak)
rCorr    .         Rampage  .   d - +0 pair of gloves
Will     .....                  (no boots)
Stlth    +.........             (no amulet)
HPRegen  0.13/turn              (no ring)
MPRegen  0.08/turn              (no ring)

@: no status effects
A: horns 2, retaliatory headbutt
a: Renounce Religion, Berserk, Trog's Hand


You were on level 2 of the Dungeon.
You worshipped Trog.
Trog was pleased with you.
You visited 1 branch of the dungeon, and saw 3 of its levels.

You collected 41 gold pieces.

Inventory:

Hand Weapons
 a - a +0 falchion (weapon)
Armour
 b - a +0 animal skin (worn)
 d - a +0 pair of gloves (worn)
Potions
 c - a potion of heal wounds {unknown}
 e - a potion of might {unknown}
 f - a potion of curing {unknown}


   Skills:
 + Level 4.3 Fighting
 + Level 4.3 Long Blades
 + Level 3.3 Armour
 + Level 3.1 Dodging


You had 3 spell levels left.
You didn't know any spells.
Your spell library was empty.

Dungeon Overview and Level Annotations

Branches:
Dungeon (3/15)

Altars:


Innate Abilities, Weirdness & Mutations

You have a pair of horns on your head.
You reflexively headbutt those who attack you in melee.


Message History

The gnoll shouts!
A gnoll comes into view. It is wielding a +0 spear.
The gnoll hits you with a +0 spear.
The gnoll moves out of view.
You barely miss the gnoll. You headbutt the gnoll!
The gnoll is severely wounded.
The gnoll hits you with a +0 spear.
You hit the gnoll but do no damage.
The gnoll is severely wounded.
You hear a shout!
The gnoll hits you with a +0 spear.
You hear a shout!
You completely miss the gnoll. You headbutt the gnoll.
The gnoll is almost dead.
The gnoll drinks a potion.
The gnoll seems to speed up.
You slash the gnoll!
You kill the gnoll!
Trog accepts your kill.
You have reached level 4!
You feel stronger.
You closely miss the gnoll. The gnoll hits you with a +0 flail!
The gnoll hits you with a +0 flail.
You are too injured to fight recklessly!
You are too injured to fight recklessly!
You are too injured to fight recklessly!
You are too injured to fight recklessly!
You are too injured to fight recklessly!
You are too injured to fight recklessly!
You are too injured to fight recklessly!
The gnoll closely misses you. The gnoll barely misses you.
The gnoll hits you with a +0 flail.
* * * LOW HITPOINT WARNING * * *
Things that are here:
a +0 short sword; a hobgoblin corpse; a kobold corpse The gnoll hits you with a +0 flail!
* * * LOW HITPOINT WARNING * * *
Found a stone staircase leading up.
The gnoll closely misses you. The gnoll closely misses you.
The gnoll hits you with a +0 flail!
You die...

#############
............#####
###########.....#####
#####.....######
###.(......# ...#
#@........# ...
##g#.......# ..
###..#.......# #.#
#...##.......#
#..######g...#.......#
#..#.g)....#.#.......#
#...)###..##.#.......#
#.#.## #.#...........#
# #..# #.#.##.###.####


You could see 2 gnolls.

Vanquished Creatures
  A gnoll (D:2)
  3 adders
  3 dart slugs
  3 endoplasms
  A giant cockroach (D:2)
  2 goblins (D:1)
  2 hobgoblins
  3 kobolds
  4 quokkas
  5 ball pythons
  3 bats
  2 rats (D:1)
32 creatures vanquished.

Notes
Turn   | Place    | Note
-------+----------+-------------------------------------------
     0 | D:1      | Naeght the Minotaur Berserker began the quest for the Orb.
     0 | D:1      | Reached XP level 1. HP: 19/19 MP: 0/0
   196 | D:1      | You fall into a shaft and drop 1 floor!
   223 | D:2      | Reached XP level 2. HP: 27/27 MP: 1/1
   328 | D:2      | Reached XP level 3. HP: 20/33 MP: 2/2
   941 | D:1      | Found a faded altar of an unknown god.
   971 | D:1      | You fall into a shaft and drop 1 floor!
   993 | D:2      | Reached ** piety under Trog
  1043 | D:2      | Reached XP level 4. HP: 29/41 MP: 3/3
  1046 | D:2      | HP: 2/41 [gnoll (9)]
  1052 | D:2      | Mangled by a gnoll

Illustrated notes

Levels and vault maps discovered:
D:1:      minmay_arrival_loop, layout_basic,
          shapermc_ecumenical_altar_acropolis, minmay_misc_feat_secret_circle,
          chequers_hall_statues_wall_a
D:2:      layout_rooms
D:3:      layout_loops_corners, lemuel_tele_altar, fountainhead

Skill      XL: |  1  2  3 |
---------------+----------+-----
Fighting       | 4 |  4.3
Long Blades    | 4 |  4.3
Armour         | 3 |  3.3
Dodging        | 3 |  3.1

Action                   |  1- 3 |  4- 6 || total
-------------------------+-------+-------++-------
Melee: Falchion          |    56 |     1 ||    57
       Headbutt          |    17 |       ||    17
Armor: Animal skin       |    10 |       ||    10
Dodge: Dodged            |    38 |     4 ||    42
       Rpst.: Falchion   |     6 |       ||     6
